 Dungeon Crawl Stone Soup version 0.23.2-40-g277498a (webtiles) character file.

Game seed: 4405378975414609774

11073 CrazyJ the Summoner (level 11, -9/81 HPs)
             Began as a Yellow Draconian Summoner on Sept 21, 2019.
             Was an Elder of Hepliaklqana.
             Hit by a large rock thrown by a cyclops (42 damage)
             ... on level 11 of the Dungeon on Sept 22, 2019.
             The game lasted 01:13:41 (12619 turns).

CrazyJ the Summoner (Yellow Draconian Summoner)    Turns: 12619, Time: 01:13:41

Health: -9/81      AC: 10    Str: 10    XL:     11   Next: 44%
Magic:  2/20       EV: 14    Int: 20    God:    Hepliaklqana [****..]
Gold:   650        SH:  6    Dex: 11    Spells: 2/22 levels left

rFire    . . .     SeeInvis .   x - +1 trident (pierce)
rCold    . . .     Gourm    .   D - +1 buckler
rNeg     . . .     Faith    .   (armour unavailable)
rPois    +         Spirit   .   (helmet restricted)
rElec    .         Reflect  .   p - +0 cloak
rCorr    +         Harm     .   i - +0 pair of gloves
MR       .....                  l - +0 pair of boots
Stlth    ++........             (no amulet)
HPRegen  0.23/turn              N - ring of poison resistance
MPRegen  0.17/turn              (no ring)

@: hasted, very quick
A: spit acid, unfitting armour, reduced essence, cold-blooded, acid resistance,
AC +7
a: Breathe Acid, Recall Ancestor, Ancestor Identity, Transference, Idealise,
Renounce Religion


You were on level 11 of the Dungeon.
You worshipped Hepliaklqana.
Hepliaklqana was greatly pleased with you.
You were hungry.

You visited 3 branches of the dungeon, and saw 13 of its levels.

You collected 650 gold pieces.

Inventory:

Hand Weapons
 m - a +0 hunting sling
 s - a +2 quarterstaff of chaos
 x - a +1 trident of piercing (weapon)
 H - the +8 morningstar of Brutal Revenge {drain, Fragile rN++}
   (You found it on level 7 of the Dungeon)

   A truly terrible weapon, it drains the life of those it strikes.
   It greatly protects you from negative energy.
   It will be destroyed if unequipped.
 L - a +3 halberd
Missiles
 a - 21 poisoned needles
 h - 246 stones (quivered)
 A - 42 sling bullets
Armour
 i - a +0 pair of gloves (worn)
 l - a +0 pair of boots (worn)
 p - a +0 cloak (worn)
 D - a +1 buckler (worn)
Magical Staves
 d - an uncursed staff of power
Jewellery
 j - an uncursed ring of see invisible {unknown}
 N - a ring of poison resistance (left hand)
Wands
 c - a wand of iceblast (2)
 y - a wand of digging (5)
 B - a wand of flame (33)
 G - a wand of enslavement (8)
Scrolls
 f - 6 scrolls of identify
 g - 3 scrolls of remove curse
 k - a scroll of immolation {unknown}
 n - a scroll of teleportation
 o - 3 scrolls of fog
 q - a scroll of enchant armour
 u - 2 scrolls of noise {unknown}
 w - a scroll of fear {unknown}
 E - a scroll of brand weapon {unknown}
 J - a scroll of holy word {unknown}
 K - a scroll of summoning {unknown}
Potions
 e - 6 potions of curing
 t - 2 potions of berserk rage {unknown}
 v - 3 potions of magic {unknown}
 z - 4 potions of might {unknown}
 I - 3 potions of agility {unknown}
 M - 2 potions of ambrosia {unknown}
 P - 2 potions of lignification {unknown}
 R - a potion of flight {unknown}
Comestibles
 b - 18 rations
 r - 9 chunks of flesh


   Skills:
 + Level 6.7 Fighting
 + Level 5.7 Polearms
 + Level 4.9 Dodging
 - Level 1.7 Stealth
 - Level 6.4 Shields
 + Level 6.1 Spellcasting
 * Level 2.0 Conjurations
 - Level 5.1 Hexes
 + Level 9.1 Summonings
 + Level 5.2 Ice Magic
 + Level 3.7 Air Magic
 + Level 1.0 Invocations


You had 2 spell levels left.
You knew the following spells:

 Your Spells              Type           Power        Failure   Level  Hunger
a - Summon Small Mammal   Summ           ####         1%          1    None
b - Call Imp              Summ           #####...     1%          2    None
c - Call Canine Familiar  Summ           #####...     1%          3    ##.....
d - Summon Guardian Gole  Hex/Summ       ####....     1%          3    ##.....
e - Summon Ice Beast      Ice/Summ       ####....     5%          4    ####...
f - Summon Lightning Spi  Summ/Air       ####....     8%          4    ####...
g - Conjure Flame         Conj/Fire      ##......     21%         3    ##.....

Your spell library contained the following spells:

 Spells                   Type           Power        Failure   Level  Hunger
 Confusing Touch          Hex            ####..       1%          1    None
 Slow                     Hex            ####....     1%          2    None
 Magic Dart               Conj           ##..         4%          1    None
 Animate Skeleton         Necr           N/A          11%         1    None
 Apportation              Tloc           #.....       11%         1    None
 Pain                     Necr           #...         11%         1    None
 Blink                    Tloc           N/A          16%         2    None
 Confuse                  Hex            ####....     3%          3    ##.....
 Mephitic Cloud           Conj/Pois/Air  ##......     14%         3    ##.....
 Gell's Gravitas          Tloc           #.........   30%         3    ##.....
 Regeneration             Chrm/Necr      #.........   30%         3    ##.....
 Vampiric Draining        Necr           #.........   30%         3    ##.....
 Metabolic Englaciation   Hex/Ice        ####......   34%         5    #####..
 Yara's Violent Unravell  Hex/Tmut       ###.......   69%         5    #####..
 Animate Dead             Necr           N/A          71%         4    ####...
 Petrify                  Tmut/Erth      #.......     71%         4    ####...
 Iskenderun's Battlesphe  Conj/Chrm      ##......     88%         5    #####..
 Venom Bolt               Conj/Pois      ##........   88%         5    #####..
 Bolt of Magma            Conj/Fire/Erth #.........   91%         5    #####..
 Iron Shot                Conj/Erth      ##........   100%        6    #######
 Orb of Destruction       Conj           ##........   100%        7    #######
 Spellforged Servitor     Conj/Summ      ####......   100%        7    #######


Dungeon Overview and Level Annotations

Branches:
Dungeon (11/15)            Temple (1/1) D:7            Lair (1/6) D:9
    Orc (0/2) D:10

Altars:
Ashenzari
Cheibriados
Dithmenos
Elyvilon
Fedhas
Gozag
Hepliaklqana
Kikubaaqudgha
Makhleb
Nemelex Xobeh
Okawaru
Qazlal
Ru
Sif Muna
Trog
Uskayaw
Vehumet
Wu Jian
Xom
Yredelemnul
Zin
The Shining One

Annotations:
D:3 2 transporters, TheGoldenCow's ghost, amateur SpEn


Innate Abilities, Weirdness & Mutations

You can spit globs of acid.
Your golden yellow scales are hard. (AC +7)
You cannot fit into any form of body armour.
You are cold-blooded and may be slowed by cold attacks.
You are resistant to acid. (rCorr)
Your life essence is reduced to manifest your ancestor. (-10% HP)


Message History

The jackal dies!
Casting: Conjure Flame (safe; 21% risk of failure)
Confirm with . or Enter, or press ? or * to list all spells.
A chill wind blows around you.
As you read the scroll of fog, it crumbles to dust.
The scroll dissolves into smoke.
You feel yourself speed up.
Attack whom?
Press: ? - help, Dir - move target cursor, f - cyclops
Aim: a cyclops (blue smoke)
You reach to attack!
You hit the cyclops but do no damage.
Attack whom?
Press: ? - help, Dir - move target cursor, f/p - cyclops
Aim: a cyclops (blue smoke)
You reach to attack!
You hit the cyclops but do no damage.
You have got your breath back.
Your ice beast hits the cyclops.
Your ice beast freezes the cyclops!
The cyclops throws a large rock.
The large rock hits you!!!
Ouch! That really hurt!
You die...

####### ##...... ....
##....## ....# #......#
..... #########÷÷.# ...#
.......÷....#######...# #
............#..#@§#...#..
...............#§Y§......
..............###C§.....#
..........###....§§###...
...........#...8.†..#
........#..#..#C.#..#
........#######?.####
........# #.†# .y ......


You could see a cyclops and a friendly ice beast.

Vanquished Creatures
  2 two-headed ogres (D:8)
  A wolf spider zombie (D:10)
  An ugly thing (D:6)
  A centaur zombie (D:11)
  A hellwing (D:10)
  A hornet (D:10)
  4 hippogriffs
  A wyvern (D:11)
  A hornet zombie (D:10)
  2 ice beasts
  2 orc warriors
  3 phantoms
  A centaur (D:7)
  A water moccasin zombie (D:5)
  2 scorpions (D:9)
  A wight (D:7)
  2 howler monkeys (D:10)
  3 crimson imps (D:9)
  2 bullfrog skeletons
  An orc priest (D:7)
  Crazy Yiuf (D:3)
  5 hounds
  A jelly (D:11)
  4 orc wizards
  2 centaur skeletons
  2 iguanas (D:11)
  Ijyb (D:5)
  Terence (D:2)
  4 worker ants
  A hound zombie (D:6)
  Robin (D:3)
  9 gnolls
  6 adders
  3 shadow imps
  An ooze (D:1)
  An adder zombie (D:8)
  An adder skeleton (D:4)
  2 worms (D:2)
  2 dart slugs
  5 leopard geckos
  25 orcs
  7 bats
  2 giant cockroaches
  15 goblins
  7 hobgoblins
  4 jackals
  7 kobolds
  4 quokkas
  A ball python (D:3)
  7 frilled lizards
  7 rats
172 creatures vanquished.

Vanquished Creatures (collateral kills)
  A hydra (D:11)
  A two-headed ogre (D:8)
  An unseen horror (D:10)
  2 wolf spider zombies (D:10)
  2 centaur zombies (D:10)
  A centaur skeleton (D:10)
  A hellwing (D:10)
  A hornet (D:8)
  A hippogriff (D:10)
  A meliai zombie (D:10)
  Sigmund (D:6)
  A yak (D:11)
  A porcupine (D:9)
  A sky beast (D:6)
  4 ice beasts
  A phantom (D:9)
  A black bear (D:8)
  A necrophage (D:10)
  4 ogres
  A centaur (D:10)
  A crocodile (Lair:1)
  4 bullfrogs
  A gnoll sergeant (D:8)
  A wyvern skeleton (D:9)
  2 scorpions
  4 wights (D:7)
  A howler monkey (D:10)
  2 crimson imps
  3 hounds
  A jelly (D:8)
  3 orc priests (D:10)
  An iguana (D:6)
  8 orc wizards
  4 worker ants
  3 gnolls
  3 adders
  4 shadow imps (D:10)
  An adder skeleton (D:7)
  A leopard gecko (D:7)
  24 orcs
  2 bats
  A giant cockroach (D:7)
  7 goblins
  2 hobgoblins
  8 jackals
  3 kobolds
  4 quokkas
  A frilled lizard (D:1)
  A rat (D:3)
  A fungus (D:9)
130 creatures vanquished.

Vanquished Creatures (others)
  10 hexers
  5 ancestors
  A fungus (D:9)
  4 toadstools (D:3)
  2 withered plants (D:10)
22 creatures vanquished.

Grand Total: 324 creatures vanquished

Notes
Turn   | Place    | Note
-------+----------+-------------------------------------------
     0 | D:1      | CrazyJ the Draconian Summoner began the quest for the Orb.
     0 | D:1      | Reached XP level 1. HP: 14/14 MP: 3/3
   429 | D:1      | Reached XP level 2. HP: 13/20 MP: 5/5
   474 | D:1      | HP: 1/20 [hobgoblin/+0 club (4)]
   960 | D:1      | Learned a level 2 spell: Call Imp
  1144 | D:1      | Reached XP level 3. HP: 19/27 MP: 6/6
  1387 | D:2      | Noticed Terence
  1401 | D:2      | Killed Terence
  1401 | D:2      | Reached skill level 1 in Fighting
  1492 | D:2      | Found a hide-covered altar of Uskayaw.
  1571 | D:2      | Reached XP level 4. HP: 35/35 MP: 4/7
  1646 | D:2      | Learned a level 3 spell: Call Canine Familiar
  1742 | D:2      | Found a glowing golden altar of the Shining One.
  2061 | D:2      | Found a hazy altar of Hepliaklqana.
  2073 | D:2      | Became a worshipper of Hepliaklqana the Forgotten
  2352 | D:3      | Noticed Robin
  2364 | D:3      | Killed Robin
  2492 | D:3      | Reached skill level 5 in Summonings
  2532 | D:3      | Reached XP level 5. HP: 34/36 MP: 9/9
  2558 | D:3      | Found a transporter.
  2569 | D:3      | Learned a level 3 spell: Summon Guardian Golem
  2757 | D:3      | Reached * piety under Hepliaklqana
  2871 | D:3      | Noticed TheGoldenCow's ghost (amateur SpEn)
  2883 | D:3      | Found a transporter.
  3008 | D:3      | Found a runed translucent door.
  3009 | D:3      | Noticed Crazy Yiuf
  3033 | D:3      | Killed Crazy Yiuf
  3775 | D:4      | Found a stormy altar of Qazlal.
  3848 | D:4      | Reached skill level 1 in Polearms
  3848 | D:4      | Reached XP level 6. HP: 38/44 MP: 10/10
  4018 | D:4      | Reached skill level 1 in Hexes
  4253 | D:5      | Entered Level 5 of the Dungeon
  4259 | D:5      | Noticed Ijyb
  4272 | D:5      | Killed Ijyb
  4277 | D:5      | Noticed an ice beast
  4313 | D:5      | Killed an ice beast
  4500 | D:5      | Noticed a hippogriff
  4506 | D:5      | Your scales start taking on a golden yellow colour.
  4506 | D:5      | Reached XP level 7. HP: 34/50 MP: 12/12
  4506 | D:5      | Gained mutation: You are resistant to acid. (rCorr) [Yellow
                  | Draconian growth]
  4515 | D:5      | Killed a hippogriff
  4515 | D:5      | Reached skill level 6 in Summonings
  4708 | D:5      | Learned a level 4 spell: Summon Ice Beast
  4814 | D:5      | Reached skill level 1 in Shields
  5363 | D:6      | Reached skill level 1 in Ice Magic
  5363 | D:6      | Reached XP level 8. HP: 49/56 MP: 13/13
  5579 | D:6      | Noticed Sigmund
  5593 | D:6      | Killed Sigmund
  5612 | D:6      | Found an ornate altar of the Wu Jian Council.
  5651 | D:6      | Noticed a white ugly thing
  5670 | D:6      | Killed a white ugly thing
  5670 | D:6      | Reached skill level 7 in Summonings
  5824 | D:6      | Reached ** piety under Hepliaklqana
  5825 | D:6      | Remembered your ancestor Thelonious as a hexer
  6232 | D:7      | Got an encrusted morningstar
  6233 | D:7      | Identified the +8 morningstar of Brutal Revenge {drain,
                  | Fragile rN++} (You found it on level 7 of the Dungeon)
  6422 | D:7      | Reached XP level 9. HP: 57/64 MP: 15/15
  6744 | D:7      | Found a white marble altar of Elyvilon.
  6863 | D:7      | Found a staircase to the Ecumenical Temple.
  6872 | Temple   | Entered the Ecumenical Temple
  7375 | D:7      | Found a bloodstained altar of Trog.
  8032 | D:8      | Noticed a two-headed ogre
  8041 | D:8      | Killed a two-headed ogre
  8041 | D:8      | Reached skill level 5 in Fighting
  8041 | D:8      | Reached skill level 5 in Shields
  8041 | D:8      | Reached skill level 8 in Summonings
  8063 | D:8      | Learned a level 4 spell: Summon Lightning Spire
  8171 | D:8      | Reached skill level 5 in Spellcasting
  8409 | D:8      | Reached skill level 1 in Air Magic
  8452 | D:8      | Reached *** piety under Hepliaklqana
  8525 | D:8      | Reached XP level 10. HP: 66/72 MP: 17/17
  8611 | D:8      | Noticed a two-headed ogre
  8625 | D:8      | Killed a two-headed ogre
  8853 | D:8      | Noticed a two-headed ogre
  8866 | D:8      | Killed a two-headed ogre
  9414 | D:9      | Reached skill level 5 in Polearms
  9959 | D:9      | Found a staircase to the Lair.
  9965 | Lair:1   | Entered Level 1 of the Lair of Beasts
 10482 | D:10     | Entered Level 10 of the Dungeon
 10648 | D:10     | Reached XP level 11. HP: 37/80 MP: 16/19
 10867 | D:10     | Reached **** piety under Hepliaklqana
 10924 | D:10     | Reached skill level 5 in Hexes
 11116 | D:10     | Found a staircase to the Orcish Mines.
 11368 | D:10     | Killed an unseen horror
 11391 | D:10     | Learned a level 3 spell: Conjure Flame
 11542 | D:10     | Reached skill level 9 in Summonings
 11602 | D:10     | Reached skill level 5 in Ice Magic
 11784 | D:10     | Reached skill level 1 in Conjurations
 12566 | D:11     | Found a burning altar of Makhleb.
 12572 | D:11     | Noticed an eight-headed hydra
 12587 | D:11     | Killed an eight-headed hydra
 12605 | D:11     | Reached skill level 1 in Invocations
 12619 | D:11     | Hit by a large rock thrown by a cyclops

Skill      XL: |  1  2  3  4  5  6  7  8  9 10 11 |
---------------+----------------------------------+-----
Dodging        | 2 3 4 |  4.9
Fighting       | 1 2 3 4 5 6 |  6.7
Summonings     | 5 6 7 8 9 |  9.1
Spellcasting   | 3 4 5 6 |  6.1
Polearms       | 1 2 3 4 5 |  5.7
Hexes          | 1 2 3 4 5 |  5.1
Shields        | 1 3 5 6 |  6.4
Ice Magic      | 1 2 3 4 5 |  5.2
Air Magic      | 1 3 |  3.7
Conjurations   | 2 |  2.0
Invocations    | 1 |  1.0
Stealth        | |  1.7

Action                   |  1- 3 |  4- 6 |  7- 9 | 10-12 || total
-------------------------+-------+-------+-------+-------++-------
Melee: Unarmed           |    16 |       |       |       ||    16
       Dagger            |    79 |    98 |       |       ||   177
       Tailslap          |     4 |    14 |    15 |    33 ||    66
       Quarterstaff      |       |    42 |       |       ||    42
       Trident           |       |    14 |   270 |   331 ||   615
 Cast: Summon Small Mamm |     8 |       |       |       ||     8
       Call Imp          |     4 |     5 |       |       ||     9
       Call Canine Famil |       |     8 |     9 |     3 ||    20
       Summon Guardian G |       |     1 |     6 |     1 ||     8
       Summon Ice Beast  |       |       |     5 |    25 ||    30
       Summon Lightning  |       |       |       |    15 ||    15
       Conjure Flame     |       |       |       |     2 ||     2
Invok: Recall Ancestor   |       |     1 |       |       ||     1
       Ancestor Identity |       |     1 |       |       ||     1
       Ancestor Life: He |       |       |     1 |       ||     1
       Transference      |       |       |       |     1 ||     1
 Abil: Breathe Acid      |       |       |     5 |     7 ||    12
  Use: Scroll            |       |       |     4 |     6 ||    10
       Potion            |       |       |       |     5 ||     5
 Stab: Sleeping          |       |     1 |     4 |     2 ||     7
       Distracted        |       |     2 |     2 |     5 ||     9
       Confused          |       |       |     2 |     7 ||     9
  Eat: Chunk             |     2 |     9 |    11 |    10 ||    32
       Ration            |       |     1 |     1 |     3 ||     5
Armor: Skin              |    52 |    63 |    81 |   100 ||   296
Dodge: Dodged            |   109 |   132 |   138 |   190 ||   569
Block: Buckler           |       |     2 |    57 |    74 ||   133
